 Dungeon Crawl Stone Soup version 0.22-a0-402-ga933591 (webtiles) character file.

30 Kairos the Vexing (level 3, 28/28 HPs)
             Began as a Gnoll Arcane Marksman on May 6, 2018.
             Quit the game on level 1 of the Dungeon.
             The game lasted 00:01:22 (1099 turns).

Kairos the Vexing (Gnoll Arcane Marksman)           Turns: 1099, Time: 00:01:23

Health: 28/28      AC:  1    Str: 13    XL:     3   Next: 20%
Magic:  7/7        EV: 14    Int: 15    God:
Gold:   52         SH:  0    Dex: 15    Spells: 6/7 levels left

rFire    . . .     SeeInvis .   a - +0 hunting sling
rCold    . . .     Gourm    .   (no shield)
rNeg     . . .     Faith    .   i - -2 leather armour (curse)
rPois    .         Spirit   .   (no helmet)
rElec    .         Reflect  .   (no cloak)
rCorr    .         Harm     .   (no gloves)
MR       +....                  (no boots)
Stlth    +.........             (no amulet)
HPRegen  0.09/turn              j - ring of protection from magic
MPRegen  0.10/turn              (no ring)

@: very slow
A: distributed training, fangs 1, strong nose
a: no special abilities


You were on level 1 of the Dungeon.
You were not hungry.

You visited 1 branch of the dungeon, and saw 1 of its levels.

You collected 52 gold pieces.

Inventory:

Hand Weapons
 a - a +0 hunting sling (weapon)
 k - a +0 short sword
Missiles
 d - 27 sling bullets (quivered)
 g - 89 stones
Armour
 e - a +0 robe
 i - a cursed -2 leather armour (worn)
 l - a +0 ring mail
Jewellery
 j - a ring of protection from magic (left hand)
Scrolls
 h - a scroll of magic mapping
Potions
 b - a potion of resistance {unknown}
 c - 2 potions of curing {unknown}
 m - a potion of degeneration {unknown}
Comestibles
 f - 3 rations


   Skills:
 + Level 2.5 Fighting
 + Level 0.6 Short Blades
 + Level 0.6 Long Blades
 + Level 0.6 Axes
 + Level 0.6 Maces & Flails
 + Level 0.6 Polearms
 + Level 0.6 Staves
 + Level 4.5 Slings
 + Level 0.6 Bows
 + Level 0.6 Crossbows
 + Level 0.6 Throwing
 + Level 0.6 Armour
 + Level 4.5 Dodging
 + Level 0.6 Stealth
 + Level 0.6 Shields
 + Level 0.6 Unarmed Combat
 + Level 2.8 Spellcasting
 + Level 0.4 Conjurations
 + Level 5.4 Hexes
 + Level 0.4 Charms
 + Level 0.4 Summonings
 + Level 0.4 Necromancy
 + Level 0.4 Translocations
 + Level 0.4 Transmutations
 + Level 0.4 Fire Magic
 + Level 0.4 Ice Magic
 + Level 0.4 Air Magic
 + Level 0.4 Earth Magic
 + Level 0.4 Poison Magic
 + Level 0.8 Invocations
 + Level 0.6 Evocations


You had 6 spell levels left.
You knew the following spells:

 Your Spells              Type           Power        Failure   Level  Hunger
a - Corona                Hex            ###....      2%          1    #......


Dungeon Overview and Level Annotations

Branches:
Dungeon (1/15)

Altars:


Innate Abilities, Weirdness & Mutations

Your experience applies equally to all skills.
You have very sharp teeth.
Your uncanny sense of smell can sniff out nearby items.


Message History

There is an open door here.
You enter the shallow water.
Moving in this stuff is going to be slow.
Done exploring.
No target in view!
No target in view!
Done exploring.
No target in view!
Done exploring.
No target in view!
No target in view!
Done exploring.
No target in view!
Done exploring.
No target in view!
Done exploring.
Done exploring.
Done exploring.
Done exploring.
Are you sure you want to abandon this character and quit the game? (Confirm with "yes".)

#............# #...†##≈#....#
#..#≈#≈≈###..#
####..#≈≈≈≈≈≈#..###### ##
#....##≈#≈≈#≈≈#......#
.###....#≈≈≈≈≈≈≈≈#).....#########
........≈≈#≈≈≈#≈≈#..............#
.#####..##≈≈≈≈≈≈##...............
.### ##..#≈≈#≈≈≈@..####.##...###.
...# #..≈##≈≈###............#...
...####....≈≈##..............#...
.................................
...####...###.............######.
....# #...# #.............# #.
...## #...# #.............# #.
.#.######## #.............# #.
.#.#....# ###########'########.


There were no monsters in sight!

Vanquished Creatures
  4 dart slugs (D:1)
  2 leopard geckos (D:1)
  2 giant cockroaches (D:1)
  A goblin (D:1)
  A hobgoblin (D:1)
  5 kobolds (D:1)
  2 bats (D:1)
  3 frilled lizards (D:1)
  A rat (D:1)
21 creatures vanquished.

Notes
Turn   | Place    | Note
-------+----------+-------------------------------------------
     0 | D:1      | Kairos the Gnoll Arcane Marksman began the quest for the Orb.
     0 | D:1      | Reached XP level 1. HP: 17/17 MP: 4/4
   155 | D:1      | Reached XP level 2. HP: 19/23 MP: 5/5
   696 | D:1      | Reached XP level 3. HP: 28/28 MP: 7/7
  1099 | D:1      | Quit the game

Vault maps used:
D:1:      lemuel_arrival_tunnels, minmay_liquid_box, minivault_4,
          hangedman_decor_slide_cut

Action                   || total
-------------------------++-------
 Fire: Hunting sling     ||    62
  Use: Scroll            ||     1
Armor: Robe              ||     1
       Leather armour    ||     1
Dodge: Dodged            ||     7

Table legend:
 A = Spawn XP
 B = Non-spawn XP
 C = Spawn XP percentage of total XP
 D = Spawn monster count
 E = Non-spawn monster count
 F = Spawn count percentage of total count
 G = Total turns spent on level
                    A         B        C        D         E        F      G
               +---------+---------+-------+---------+---------+-------+---------
         Total |       0 |      44 |   0.0 |       0 |      21 |   0.0 |  1099
               +---------+---------+-------+---------+---------+-------+---------
           D:1 |       0 |      44 |   0.0 |       0 |      21 |   0.0 |  1099
               +---------+---------+-------+---------+---------+-------+---------
